 Dungeon Crawl Stone Soup version 0.20-b1-24-gb21faa7 (webtiles) character file.

114 Tulse the Skirmisher (level 4, 0/50 HPs)
             Began as an Ogre Arcane Marksman on May 25, 2017.
             Succumbed to an adder's poison
             ... on level 2 of the Dungeon.
             The game lasted 00:11:07 (3197 turns).

Tulse the Skirmisher (Ogre Arcane Marksman)         Turns: 3197, Time: 00:11:08

Health: 0/50       AC:  3    Str: 19    XL:     4   Next: 97%
Magic:  2/5        EV: 10    Int: 14    God:
Gold:   78         SH:  0    Dex: 10    Spells: 2/5 levels left

rFire    . . .     SeeInvis .   h - -2 mace (curse)
rCold    . . .     Gourm    .   (no shield)
rNeg     . . .     Faith    .   a - +0 robe
rPois    .         Spirit   .   (helmet restricted)
rElec    .         Reflect  .   (no cloak)
rCorr    .         Harm     .   (gloves unavailable)
MR       .....                  (boots unavailable)
Stlth    +.........             (no amulet)
Regen    0.2/turn               (no ring)
MPRegen  0.1/turn               (no ring)

@: mighty, lethally poisoned (0 -> -7), very slightly contaminated, hasted, very
quick
A: unfitting armour, tough skin 1
a: no special abilities


You were on level 2 of the Dungeon.
You were not hungry.

You visited 1 branch of the dungeon, and saw 3 of its levels.

You collected 78 gold pieces.

Inventory:

Hand Weapons
 h - a cursed -2 mace (weapon)
 s - a +0 falchion
Missiles
 c - 4 large rocks
 d - 2 throwing nets
 i - 40 arrows
 m - 84 stones (quivered)
 q - 19 sling bullets
 t - 20 bolts
 w - 14 poisoned needles
Armour
 a - a +0 robe (worn)
Scrolls
 e - a scroll of remove curse {unknown}
 k - 2 scrolls of identify {unknown}
 n - 3 scrolls of teleportation {unknown}
 o - a scroll of enchant armour {unknown}
 u - a scroll of amnesia
Potions
 j - a potion of might
 p - 2 potions of lignification {unknown}
 v - 2 potions of agility {unknown}
Books
 b - a book of Debilitation

   Spells                             Type                      Level
   a - Corona                         Hexes                        1
   b - Slow                           Hexes                        2
   c - Inner Flame                    Hexes/Fire                   3
   d - Portal Projectile              Hexes/Translocation          3
   e - Cause Fear                     Hexes                        4
   f - Leda's Liquefaction            Hexes/Earth                  4
Comestibles
 f - a bread ration
 l - 4 fruits
 r - a royal jelly
 x - a chunk of flesh


   Skills:
 - Level 5.1 Fighting
 + Level 3.1 Throwing
 - Level 1.7 Dodging
 - Level 1.2 Spellcasting
 - Level 2.6 Hexes


You had 2 spell levels left.
You knew the following spells:

 Your Spells              Type           Power        Failure   Level  Hunger
a - Corona                Hex            #......      9%          1    ##.....
b - Slow                  Hex            #.......     13%         2    ###....


Dungeon Overview and Level Annotations

Branches:
Dungeon (3/15)

Altars:
Nemelex Xobeh


Innate Abilities, Weirdness & Mutations

You are too large for most types of armour.
You have tough skin. (AC +1)


Message History

You are more poisoned.
The adder poisons you!
You feel sick.
It was a potion of haste.
You feel yourself speed up.
You feel sick. The adder bites you.
* * * LOW HITPOINT WARNING * * *
You barely miss the adder.
The adder is moderately wounded.
The adder closely misses you.
You miss the adder.
The adder is moderately wounded.
You feel sick. The adder barely misses you. The adder bites you.
* * * LOW HITPOINT WARNING * * *
It was a potion of might.
You feel very mighty all of a sudden. The adder bites you.
* * * LOW HITPOINT WARNING * * *
You are more poisoned.
The adder poisons you!
You die...

##...#. ##...... #### #.......
#..####### #.......
##........### #.......
#...........######## ##......
#........##........# ##.....
#........#########.######...###
#........>....@.S..............
#..........########...#..######
#........#......# ###...######
#..........####.######.......##
##########.# #.....)..#####..#
#.# ##..###### ##.# #># #..###
#.. #.# #....###########
#.#####.##......<.....


You could see an adder.

Vanquished Creatures
  6 adders (D:2)
  An ooze (D:2)
  5 dart slugs (D:1)
  2 worms (D:2)
  A leopard gecko (D:2)
  A giant cockroach (D:2)
  A goblin (D:1)
  2 hobgoblins (D:2)
  4 jackals
  7 kobolds
  2 ball pythons (D:2)
  6 bats
  2 frilled lizards
  4 rats
44 creatures vanquished.

Notes
Turn   | Place    | Note
-------+----------+-------------------------------------------
     0 | D:1      | Tulse the Ogre Arcane Marksman began the quest for the Orb.
     0 | D:1      | Reached XP level 1. HP: 19/19 MP: 2/2
   227 | D:1      | Reached skill level 2 in Fighting
   402 | D:1      | Reached XP level 2. HP: 16/29 MP: 0/3
   404 | D:1      | Reached skill level 3 in Fighting
   891 | D:1      | Reached XP level 3. HP: 30/39 MP: 2/4
  1022 | D:1      | Reached skill level 4 in Fighting
  1361 | D:2      | Found a sparkling altar of Nemelex Xobeh.
  1436 | D:2      | Learned a level 2 spell: Slow
  1739 | D:2      | Reached skill level 5 in Fighting
  1739 | D:2      | Reached XP level 4. HP: 41/50 MP: 0/5
  3196 | D:2      | HP: 1/50 [adder (3)]
  3197 | D:2      | Succumbed to an adder's poison

Skill      XL: |  1  2  3  4 |
---------------+-------------+-----
Fighting       | 2 3 5 |  5.1
Throwing       | 3 |  3.1
Dodging        | |  1.7
Spellcasting   | |  1.2
Hexes          | |  2.6

Action                   |  1- 3 |  4- 6 || total
-------------------------+-------+-------++-------
Melee: Mace              |    83 |    97 ||   180
       Unarmed           |    14 |       ||    14
Throw: Stone             |     1 |     2 ||     3
 Cast: Corona            |    19 |    18 ||    37
       Slow              |     4 |     8 ||    12
  Use: Scroll            |     1 |       ||     1
       Potion            |       |     2 ||     2
 Stab: Sleeping          |     1 |       ||     1
  Eat: Chunk             |     4 |     4 ||     8
       Royal jelly       |       |     1 ||     1
Armor: Robe              |    41 |    45 ||    86
Dodge: Dodged            |    55 |    78 ||   133
